 Dungeon Crawl Stone Soup version 0.26.1-11-gd32895ea62 (webtiles) character file.

Game seed: 1756312285895345113

2913 Almogavar the Covert (level 10, -7/55 HPs)
             Began as a Kobold Conjurer on May 26, 2021.
             Was a Follower of Nemelex Xobeh.
             Mangled by a two-headed ogre
             ... wielding a +0 dire flail
              (20 damage)
             ... on level 8 of the Dungeon.
             The game lasted 00:26:08 (10141 turns).

Almogavar the Covert (Kobold Conjurer)             Turns: 10141, Time: 00:26:09

Health: -7/55      AC:  3    Str:  5    XL:     10   Next: 6%
Magic:  18/28      EV: 17    Int: 22    God:    Nemelex Xobeh [*.....]
Gold:   492        SH:  0    Dex: 14    Spells: 12/22 levels left

rFire    . . .     SeeInvis +   s - +3 dagger
rCold    . . .     Faith    .   (shield restricted)
rNeg     . . .     Spirit   .   a - +0 robe
rPois    .         Reflect  .   q - +0 helmet
rElec    .         Harm     .   (no cloak)
rCorr    .         Rampage  .   (no gloves)
Will     .....                  (no boots)
Stlth    ++++++....             (no amulet)
HPRegen  0.18/turn              n - ring of magical power
MPRegen  0.21/turn              D - ring of see invisible

@: about to teleport, very slightly contaminated
A: small, nightstalker 3
a: Renounce Religion, Draw Escape, Draw Destruction, Draw Summoning


You were on level 8 of the Dungeon.
You worshipped Nemelex Xobeh.
Nemelex Xobeh was aware of your devotion.
You visited 2 branches of the dungeon, and saw 9 of its levels.

You collected 492 gold pieces.

Inventory:

Hand Weapons
 s - a +3 dagger (weapon)
 v - a +0 dagger of protection
Armour
 a - a +0 robe (worn)
 d - a +0 leather armour
 h - a +0 ring mail
 q - a +0 helmet (worn)
 u - a +0 scale mail
Magical Staves
 E - an uncursed staff of poison
Jewellery
 l - an uncursed ring of fire
 n - a ring of magical power (left hand)
 B - the amulet of the Air {Inacc +Fly rElec EV+5 RMsl}
   (You found it on level 7 of the Dungeon)

   [amulet of inaccuracy]

   It reduces the accuracy of all your attacks.
   It affects your evasion (+5).
   It insulates you from electricity.
   It lets you fly.
   It protects you from missiles.
 D - a ring of see invisible (right hand)
 F - an uncursed ring of fire
Wands
 c - a wand of digging (7)
Scrolls
 e - 2 scrolls of fog
 f - 2 scrolls of remove curse
 g - 7 scrolls of teleportation
 j - 3 scrolls of enchant weapon
 m - a scroll of fear
 t - 2 scrolls of amnesia {unknown}
 x - a scroll of immolation {unknown}
 y - a scroll of brand weapon {unknown}
Potions
 b - 2 potions of lignification
 i - a potion of brilliance
 k - a potion of berserk rage
 o - a potion of curing
 p - 2 potions of ambrosia
 r - 2 potions of heal wounds
 w - a potion of might {unknown}
 z - a potion of invisibility {unknown}
 A - 2 potions of flight {unknown}
 C - a potion of haste {unknown}


   Skills:
 + Level 2.9 Fighting
 + Level 3.4 Short Blades
 + Level 4.7 Dodging
 + Level 11.2 Stealth
 + Level 6.6 Spellcasting
 + Level 7.9 Conjurations


You had 12 spell levels left.
You knew the following spells:

 Your Spells              Type           Power        Failure   Level
a - Magic Dart            Conj           100%         1%          1
b - Searing Ray           Conj           84%          1%          2
c - Dazzling Flash        Conj/Hex       48%          4%          3
d - Iskenderun's Mystic   Conj/Tloc      24%          17%         4

Your spell library contained the following spells:

 Spells                   Type           Power        Failure   Level
 Fulminant Prism          Conj/Hex       12%          17%         4


Dungeon Overview and Level Annotations

Branches:
Dungeon (8/15)             Temple (1/1) D:5
   Lair: D:8-11

Altars:
Ashenzari
Cheibriados
Dithmenos
Elyvilon
Gozag
Kikubaaqudgha
Makhleb
Nemelex Xobeh
Okawaru
Qazlal
Ru
Sif Muna
Trog
Uskayaw
Vehumet
Wu Jian
Yredelemnul
Zin


Innate Abilities, Weirdness & Mutations

You are small and have problems with some larger weapons.
You are completely attuned to the shadows.


Message History

The searing ray hits the two-headed ogre!
The two-headed ogre is moderately wounded. (Press . to maintain the ray.)
The searing ray hits the two-headed ogre!
The two-headed ogre is heavily wounded.
The two-headed ogre hits you with a +0 dire flail!
The two-headed ogre misses you.
The searing ray hits the two-headed ogre.
The two-headed ogre is heavily wounded.
The two-headed ogre misses you.
The two-headed ogre hits you with a +0 giant spiked club!
* * * LOW HITPOINT WARNING * * *
The searing ray hits the two-headed ogre!
The two-headed ogre is severely wounded.
You finish channeling your searing ray.
As you read the scroll of teleportation, it crumbles to dust.
You feel strangely unstable.
The two-headed ogre hits you with a +0 dire flail!!
You die...
Your body disappears without a glow.

##########################
#.............@O.........#
#.######################.#
#.# .# #.# .# #.### ..
#...## #....## #.....#
#..#..##


You could see a two-headed ogre.

Vanquished Creatures
  Grinder (D:5)
  Sigmund (D:4)
  Eustachio (D:6)
  2 orc warriors (D:7)
  A hornet zombie (D:8)
  A necrophage (D:8)
  A phantom (D:4)
  3 ogres
  3 centaurs
  2 bullfrogs (D:6)
  8 wights
  A howler monkey (D:5)
  3 electric eels (D:7)
  2 hounds
  A jelly (D:6)
  A centaur skeleton (D:4)
  2 orc priests
  2 bullfrog skeletons
  5 worker ants
  Natasha (thrice) (D:2)
  An iguana (D:7)
  4 orc wizards
  2 hound skeletons
  Robin (D:2)
  9 adders
  A white imp (D:7)
  An ufetubus (D:5)
  2 oozes
  2 adder skeletons
  2 worms
  7 dart slugs
  5 leopard geckos
  22 orcs
  2 ball pythons
  13 bats
  A giant cockroach (D:2)
  13 goblins
  9 hobgoblins
  10 jackals
  A quokka (D:6)
  3 frilled lizards
  A giant cockroach zombie (D:6)
  A jackal skeleton (D:5)
  7 kobolds
  9 rats
173 creatures vanquished.

Vanquished Creatures (others)
  28 plants
28 creatures vanquished.

Grand Total: 201 creatures vanquished

Notes
Turn   | Place    | Note
-------+----------+-------------------------------------------
     0 | D:1      | Almogavar the Kobold Conjurer began the quest for the Orb.
     0 | D:1      | Reached XP level 1. HP: 10/10 MP: 3/3
    88 | D:1      | Reached XP level 2. HP: 15/15 MP: 0/5
   321 | D:1      | Learned a level 2 spell: Searing Ray
   393 | D:1      | Reached XP level 3. HP: 19/19 MP: 3/6
  1177 | D:1      | Reached skill level 3 in Stealth
  1384 | D:2      | You fall into a shaft and drop 1 floor!
  1578 | D:3      | Reached XP level 4. HP: 21/24 MP: 7/7
  1722 | D:3      | Reached skill level 5 in Conjurations
  2116 | D:2      | Noticed Robin
  2119 | D:2      | Killed Robin
  2269 | D:2      | Reached XP level 5. HP: 28/28 MP: 9/9
  2469 | D:2      | Noticed Natasha
  2471 | D:2      | Killed Natasha
  2864 | D:2      | Reached skill level 4 in Stealth
  3019 | D:2      | Noticed Natasha
  3021 | D:2      | Killed Natasha
  3042 | D:2      | Noticed Natasha
  3051 | D:2      | Found a shimmering blue altar of Sif Muna.
  3052 | D:2      | Found a shadowy altar of Dithmenos.
  3055 | D:2      | Found a basalt altar of Yredelemnul.
  3056 | D:2      | Found a stormy altar of Qazlal.
  3059 | D:2      | Found a bloodstained altar of Trog.
  3060 | D:2      | Found a radiant altar of Vehumet.
  3060 | D:2      | Found an opulent altar of Gozag.
  3060 | D:2      | Found an ornate altar of the Wu Jian Council.
  3166 | D:2      | Found a burning altar of Makhleb.
  3172 | D:2      | Reached XP level 6. HP: 26/32 MP: 11/11
  3300 | D:2      | Killed Natasha
  3301 | D:2      | Reached skill level 5 in Stealth
  3425 | D:3      | Found a white marble altar of Elyvilon.
  4059 | D:4      | Noticed Sigmund
  4063 | D:4      | Killed Sigmund
  4064 | D:4      | Reached skill level 1 in Short Blades
  4064 | D:4      | Reached skill level 6 in Stealth
  4064 | D:4      | Reached XP level 7. HP: 37/37 MP: 12/12
  4105 | D:4      | Learned a level 3 spell: Dazzling Flash
  4534 | D:4      | Reached skill level 7 in Stealth
  5145 | D:4      | Reached skill level 1 in Fighting
  5145 | D:4      | Reached skill level 8 in Stealth
  5145 | D:4      | Reached XP level 8. HP: 43/43 MP: 14/14
  5455 | D:5      | Entered Level 5 of the Dungeon
  5627 | D:5      | Noticed Grinder
  5896 | D:5      | Found a snail-covered altar of Cheibriados.
  5958 | D:5      | Found a staircase to the Ecumenical Temple.
  6007 | Temple   | Entered the Ecumenical Temple
  6173 | Temple   | Became a worshipper of Nemelex Xobeh the Trickster
  6583 | D:5      | Killed Grinder
  6584 | D:5      | Reached skill level 9 in Stealth
  6584 | D:5      | Reached skill level 5 in Spellcasting
  6962 | D:6      | Reached XP level 9. HP: 28/48 MP: 14/17
  7275 | D:6      | Noticed Eustachio
  7279 | D:6      | Killed Eustachio
  7621 | D:6      | Reached skill level 10 in Stealth
  7626 | D:6      | Reached * piety under Nemelex Xobeh
  7819 | D:6      | Learned a level 4 spell: Iskenderun's Mystic Blast
  8927 | D:7      | Found the amulet of the Air {Inacc +Fly rElec EV+5 RMsl}
  9602 | D:8      | Reached skill level 11 in Stealth
  9666 | D:8      | Reached XP level 10. HP: 13/55 MP: 19/19
 10125 | D:8      | Noticed a two-headed ogre
 10141 | D:8      | Mangled by a two-headed ogre

Illustrated notes

Levels and vault maps discovered:
D:1:      matt_arrival_spirals, layout_basic
D:2:      layout_basic, makhleb_heckhound_becter, minitemple, uniq_natasha,
          uniq_robin
D:3:      layout_basic, chequers_serial_rivers_small_3,
          kennysheep_big_empty_room, elyvilon_altar_5
D:4:      layout_loops_ring, minivault_5, serial_bayou_lagoon_b, uniq_sigmund
D:5:      layout_rooms, minmay_temple_entry_large_hall, cheibrodos_worm_habitat,
          uniq_grinder
D:6:      layout_loops_ring, uniq_eustachio
D:7:      cheibrodos_helix_gallery, layout_loops_ring, minmay_misc_feat_doors,
          chequers_big_river
D:8:      layout_rooms, kennysheep_mini, hangedman_glass_teeth, minmay_holes,
          jiyva_altar_1
Temple:   kb_temple_of_zot

Skill      XL: |  1  2  3  4  5  6  7  8  9 |
---------------+----------------------------+-----
Stealth        | 3 4 6 8 9 11 | 11.2
Conjurations   | 5 6 7 |  7.9
Spellcasting   | 3 4 5 6 |  6.6
Dodging        | 3 4 |  4.7
Short Blades   | 1 2 3 |  3.4
Fighting       | 1 2 |  2.9

Action                   |  1- 3 |  4- 6 |  7- 9 | 10-12 || total
-------------------------+-------+-------+-------+-------++-------
Melee: Dagger            |    66 |     7 |    30 |     1 ||   104
 Cast: Magic Dart        |    22 |     4 |     3 |       ||    29
       Searing Ray       |     8 |    29 |    73 |     4 ||   114
  Use: Scroll            |     4 |     6 |     5 |     1 ||    16
       Potion            |       |       |     1 |       ||     1
 Stab: Sleeping          |    11 |     7 |    15 |     1 ||    34
Armor: Robe              |    11 |     1 |     5 |       ||    17
Dodge: Dodged            |    60 |     4 |    48 |     3 ||   115
